 Dungeon Crawl Stone Soup version 0.28.0-1-gb440e238dd (webtiles) character file.

Game seed: 17567479148754357554

195 Ablot the Grasshopper (level 5, -4/43 HPs)
             Began as a Gnoll Warper on Feb 21, 2022.
             Succumbed to a scorpion's poison
             ... on level 4 of the Dungeon.
             The game lasted 00:04:59 (3798 turns).

Ablot the Grasshopper (Gnoll Warper)                Turns: 3798, Time: 00:04:59

Health: -4/43      AC:  8    Str: 13    XL:     5   Next: 74%
Magic:  12/12      EV: 13    Int: 12    God:
Gold:   121        SH:  0    Dex: 11    Spells: 12/14 levels left

rFire   . . .      SeeInvis .   a - +1 spear (vamp)
rCold   . . .      Faith    .   (no shield)
rNeg    . . .      Spirit   .   b - +0 leather armour
rPois   .          Reflect  .   s - +2 helmet
rElec   .          Harm     .   (no cloak)
rCorr   .          Rampage  .   r - +0 pair of gloves
Will    .....                   l - +0 pair of boots
Stlth   +.........              (no amulet)
HPRegen 0.14/turn               (no ring)
MPRegen 0.13/turn               (no ring)

@: lethally poisoned (-4 -> -35)
A: fangs 1, strong nose, distributed training
a: no special abilities


You were on level 4 of the Dungeon.
You visited 1 branch of the dungeon, and saw 4 of its levels.

You collected 121 gold pieces.

Inventory:

Hand Weapons
 a - a +1 vampiric spear (weapon)
Missiles
 d - 5 boomerangs of dispersal
 f - 98 stones
 g - a throwing net
 m - 5 poisoned darts (quivered)
Armour
 b - a +0 leather armour (worn)
 l - a +0 pair of boots (worn)
 r - a +0 pair of gloves (worn)
 s - a +2 helmet (worn)
Wands
 p - a wand of iceblast (5)
Scrolls
 c - a scroll of blinking
 e - 2 scrolls of immolation {unknown}
 h - 3 scrolls of teleportation {unknown}
 j - 2 scrolls of identify {unknown}
 q - a scroll of enchant weapon {unknown}
Potions
 i - a potion of mutation {unknown}
 k - a potion of haste {unknown}
 n - a potion of invisibility {unknown}
 o - a potion of flight {unknown}


   Skills:
 + Level 4.8 Fighting
 + Level 1.6 Short Blades
 + Level 1.6 Long Blades
 + Level 1.6 Axes
 + Level 1.6 Maces & Flails
 + Level 4.8 Polearms
 + Level 1.6 Staves
 + Level 1.6 Slings
 + Level 1.6 Bows
 + Level 1.6 Crossbows
 + Level 3.0 Throwing
 + Level 3.0 Armour
 + Level 4.8 Dodging
 + Level 1.6 Stealth
 + Level 1.6 Shields
 + Level 1.6 Unarmed Combat
 + Level 5.2 Spellcasting
 + Level 1.3 Conjurations
 + Level 1.3 Hexes
 + Level 1.3 Summonings
 + Level 1.3 Necromancy
 + Level 5.6 Translocations
 + Level 1.3 Transmutations
 + Level 1.3 Fire Magic
 + Level 1.3 Ice Magic
 + Level 1.3 Air Magic
 + Level 1.3 Earth Magic
 + Level 1.3 Poison Magic
 + Level 1.8 Invocations
 + Level 1.6 Evocations


You had 12 spell levels left.
You knew the following spells:

 Your Spells              Type           Power      Damage    Failure   Level
a - Blink                 Tloc           32%        N/A       3%          2

Your spell library contained the following spells:

 Spells                   Type           Power      Damage    Failure   Level
 Gell's Gravitas          Tloc           16%        N/A       8%          3
 Lesser Beckoning         Tloc           16%        N/A       8%          3
 Teleport Other           Tloc           16%        N/A       8%          3
 Summon Small Mammal      Summ           24%        N/A       14%         1
 Call Canine Familiar     Summ           6%         N/A       41%         3
 Summon Guardian Golem    Hex/Summ       6%         N/A       41%         3
 Manifold Assault         Tloc           16%        N/A       56%         5


Dungeon Overview and Level Annotations

Branches:
Dungeon (4/15)
 Temple: D:4-7

Altars:


Innate Abilities, Weirdness & Mutations

You have very sharp teeth.
Your uncanny sense of smell can sniff out nearby items.
Your experience applies equally to all skills.


Message History

You are too injured to fight recklessly!
You are too injured to fight recklessly!
You are too injured to fight recklessly!
You are too injured to fight recklessly!
You are too injured to fight recklessly!
You are too injured to fight recklessly!
You are too injured to fight recklessly!
You are too injured to fight recklessly!
You are too injured to fight recklessly!
You are too injured to fight recklessly!
You hit the scorpion but do no damage. Your bite misses the scorpion.
The scorpion is severely wounded.
You feel sick. The scorpion closely misses you.
You hit the scorpion but do no damage.
The scorpion is severely wounded.
You feel sick. The scorpion closely misses you.
You completely miss the scorpion.
The scorpion is severely wounded.
You feel sick. The scorpion barely misses you.
You closely miss the scorpion. Your bite misses the scorpion.
The scorpion is heavily wounded.
You feel sick. The scorpion stings you.
* * * LOW HITPOINT WARNING * * *
You barely miss the scorpion.
The scorpion is heavily wounded.
You feel sick. The scorpion stings you.
* * * LOW HITPOINT WARNING * * *
You are lethally poisoned!
The scorpion poisons you!
You hit the scorpion but do no damage.
The scorpion is heavily wounded.
* * * LOW HITPOINT WARNING * * *
You feel very sick. The scorpion stings you.
* * * LOW HITPOINT WARNING * * *
You are more poisoned.
The scorpion poisons you!
You hit the scorpion but do no damage.
The scorpion is heavily wounded.
You die...

#.# .# #.# #.# #.### #.#
.... ###.######.#
.....#....#
###########.#.#.#..#####
......s@............<...
.#.#######.##.#.#..#....
#............#.#..#.###
#########รท####.#..#.#
.............#..#.#
#######.######..#.###
#.# #..#.... #.#
#..##### #.#


You could see a scorpion.

Vanquished Creatures
  A hound (D:3)
  An iguana (D:4)
  Robin (D:3)
  4 adders
  2 worms (D:2)
  2 dart slugs
  2 orcs (D:3)
  3 bats
  6 endoplasms
  6 giant cockroaches
  12 goblins
  12 hobgoblins
  2 jackals (D:1)
  7 kobolds
  8 ball pythons
  5 frilled lizards
  3 rats
77 creatures vanquished.

Vanquished Creatures (others)
  A plant (D:1)
1 creature vanquished.

Grand Total: 78 creatures vanquished

Notes
Turn   | Place    | Note
-------+----------+-------------------------------------------
     0 | D:1      | Ablot the Gnoll Warper began the quest for the Orb.
     0 | D:1      | Reached XP level 1. HP: 20/20 MP: 6/6
    92 | D:1      | Reached XP level 2. HP: 23/26 MP: 7/7
    95 | D:1      | Learned a level 2 spell: Blink
   756 | D:1      | Reached XP level 3. HP: 31/31 MP: 9/9
   963 | D:1      | Reached skill level 5 in Spellcasting
  1320 | D:2      | Reached skill level 1 in Invocations
  1798 | D:2      | Reached skill level 1 in Short Blades
  1798 | D:2      | Reached skill level 1 in Long Blades
  1798 | D:2      | Reached skill level 1 in Axes
  1798 | D:2      | Reached skill level 1 in Maces & Flails
  1798 | D:2      | Reached skill level 1 in Staves
  1798 | D:2      | Reached skill level 1 in Slings
  1798 | D:2      | Reached skill level 1 in Bows
  1798 | D:2      | Reached skill level 1 in Crossbows
  1798 | D:2      | Reached skill level 1 in Stealth
  1798 | D:2      | Reached skill level 1 in Shields
  1798 | D:2      | Reached skill level 1 in Unarmed Combat
  1798 | D:2      | Reached skill level 1 in Evocations
  1911 | D:2      | Reached XP level 4. HP: 35/38 MP: 11/11
  2551 | D:3      | Reached skill level 1 in Conjurations
  2551 | D:3      | Reached skill level 1 in Hexes
  2551 | D:3      | Reached skill level 1 in Summonings
  2551 | D:3      | Reached skill level 1 in Necromancy
  2551 | D:3      | Reached skill level 1 in Transmutations
  2551 | D:3      | Reached skill level 1 in Fire Magic
  2551 | D:3      | Reached skill level 1 in Ice Magic
  2551 | D:3      | Reached skill level 1 in Air Magic
  2551 | D:3      | Reached skill level 1 in Earth Magic
  2551 | D:3      | Reached skill level 1 in Poison Magic
  2759 | D:3      | Noticed Robin
  2790 | D:3      | Killed Robin
  2791 | D:3      | Reached XP level 5. HP: 38/43 MP: 12/12
  3797 | D:4      | HP: 2/43 [scorpion (1)]
  3798 | D:4      | Succumbed to a scorpion's poison

Illustrated notes

Levels and vault maps discovered:
D:1:      matt_arrival_spirals, layout_basic, serial_forest,
          infiniplex_forest_clump_tiny, infiniplex_forest_lined_2,
          infiniplex_forest_side_room, infiniplex_forest_lined_2,
          infiniplex_forest_end_3
D:2:      layout_basic, patterned_corridor
D:3:      layout_loops_ring, uniq_robin
D:4:      cheibrodos_pilgrimage, layout_basic, nicolae_ossuary_entry_giza

Skill      XL: |  1  2  3  4  5 |
---------------+----------------+-----
Spellcasting   | 5 |  5.2
Invocations    | 1 |  1.8
Short Blades   | 1 |  1.6
Long Blades    | 1 |  1.6
Axes           | 1 |  1.6
Maces & Flails | 1 |  1.6
Staves         | 1 |  1.6
Slings         | 1 |  1.6
Bows           | 1 |  1.6
Crossbows      | 1 |  1.6
Stealth        | 1 |  1.6
Shields        | 1 |  1.6
Unarmed Combat | 1 |  1.6
Evocations     | 1 |  1.6
Conjurations   | 1 |  1.3
Hexes          | 1 |  1.3
Summonings     | 1 |  1.3
Necromancy     | 1 |  1.3
Transmutations | 1 |  1.3
Fire Magic     | 1 |  1.3
Ice Magic      | 1 |  1.3
Air Magic      | 1 |  1.3
Earth Magic    | 1 |  1.3
Poison Magic   | 1 |  1.3
Throwing       | 3 |  3.0
Armour         | 3 |  3.0
Fighting       | |  4.8
Polearms       | |  4.8
Dodging        | |  4.8
Translocations | |  5.6

Action                   |  1- 3 |  4- 6 || total
-------------------------+-------+-------++-------
Melee: Spear             |   163 |   177 ||   340
       Bite              |    14 |    16 ||    30
       Punch             |     1 |     4 ||     5
Throw: Dart              |       |     3 ||     3
 Stab: Sleeping          |     2 |     2 ||     4
Armor: Leather armour    |    27 |    41 ||    68
Dodge: Dodged            |    84 |    72 ||   156
